 Dungeon Crawl Stone Soup version 0.22-a0-157-g169b76a (webtiles) character file.

1874 MatthieuS the Magician (level 9, -4/56 HPs)
             Began as a Tengu Wanderer on Feb 8, 2018.
             Was an Initiate of Vehumet.
             Slain by a two-headed ogre
             ... wielding a +0 giant club
              (30 damage)
             ... on level 8 of the Dungeon.
             The game lasted 00:23:33 (6367 turns).

MatthieuS the Magician (Tengu Wanderer)             Turns: 6367, Time: 00:23:34

Health: -4/56      AC:  8    Str: 11    XL:     9   Next: 14%
Magic:  19/19      EV: 12    Int: 22    God:    Vehumet [......]
Gold:   296        SH:  0    Dex: 14    Spells: 20/20 levels left

rFire    + . .     SeeInvis .   w - +2 hunting sling (velocity)
rCold    . . .     Gourm    .   (no shield)
rNeg     . . .     Faith    .   c - +2 scale mail
rPois    .         Spirit   .   (helmet restricted)
rElec    .         Reflect  .   (no cloak)
rCorr    .         Harm     .   (no gloves)
MR       .....                  (boots unavailable)
Stlth    +.........             (no amulet)
HPRegen  0.18/turn              i - ring of protection from fire
MPRegen  0.16/turn              u - +5 ring of intelligence

@: flying quickly and evasively, drained, quick
A: beak, talons 3, able to fly 1
a: Renounce Religion


You were on level 8 of the Dungeon.
You worshipped Vehumet.
Vehumet was noncommittal.
You were not hungry.

You visited 2 branches of the dungeon, and saw 9 of its levels.
You also visited: Sewer.

You collected 296 gold pieces.

Inventory:

Hand Weapons
 a - a +0 spear
 d - a +0 dagger
 w - a +2 hunting sling of velocity (weapon)
Missiles
 o - 191 stones (quivered)
Armour
 c - a +2 scale mail (worn)
 n - a +0 ring mail
 B - a +0 leather armour
 J - a +0 robe
Magical Staves
 I - an uncursed staff of death
Jewellery
 i - a ring of protection from fire (left hand)
 u - a +5 ring of intelligence (right hand)
Wands
 p - a wand of digging (35)
 z - a wand of disintegration (3)
 F - a wand of flame (19)
Scrolls
 b - 3 scrolls of teleportation
 e - a scroll of immolation
 j - 3 scrolls of fear
 k - a scroll of enchant armour
 s - a scroll of amnesia
 v - 2 scrolls of blinking
 x - a scroll of acquirement {unknown}
 y - 2 scrolls of fog
 C - a scroll of random uselessness {unknown}
 G - 2 scrolls of remove curse
 H - a scroll of identify
Potions
 g - a potion of mutation {unknown}
 h - a potion of heal wounds
 l - 5 potions of flight
 q - a potion of haste
 r - a potion of berserk rage {unknown}
 t - a potion of curing
 A - a potion of brilliance {unknown}
 E - a potion of invisibility {unknown}
Comestibles
 f - 13 rations


   Skills:
 + Level 6.3(5.2) Fighting
 - Level 1.1(0.1) Polearms
 - Level 3.0(2.1) Slings
   Level 1.1(0.1) Bows
 - Level 1.1(0.1) Armour
 + Level 5.0(4.0) Dodging
 + Level 5.6(4.5) Stealth
 * Level 6.4(5.3) Spellcasting
 - Level 1.0(0.1) Evocations


You had 20 spell levels left.
You didn't know any spells.

Dungeon Overview and Level Annotations

Branches:
Dungeon (8/15)             Temple (1/1) D:6
   Lair: D:8-11

Altars:
Ashenzari
Cheibriados
Dithmenos
Elyvilon
Fedhas
Gozag
Hepliaklqana
Kikubaaqudgha
Makhleb
Nemelex Xobeh
Okawaru
Qazlal
Ru
Sif Muna
Trog
Uskayaw
Vehumet
Wu Jian
Xom
Yredelemnul
Zin
The Shining One

Shops:
D:7 %


Innate Abilities, Weirdness & Mutations

You have a beak for a mouth.
You have claws for feet.
You can fly.


Message History

You shoot a stone. The stone hits the two-headed ogre.
The two-headed ogre is severely wounded.
The two-headed ogre misses you.
The two-headed ogre completely misses you.
Firing (i - inventory)
o - 193 stones (quivered)
Press: ? - help, Shift-Dir - straight line, f/p - two-headed ogre
Aim: a two-headed ogre, wielding two giant clubs (severely wounded)
You shoot a stone. The stone hits the two-headed ogre!
The two-headed ogre is almost dead.
The two-headed ogre hits you but does no damage.
The two-headed ogre hits you with a giant club!!
Firing (i - inventory)
o - 192 stones (quivered)
Press: ? - help, Shift-Dir - straight line, f/p - two-headed ogre
Aim: a two-headed ogre, wielding two giant clubs (almost dead)
You shoot a stone.
The stone hits the two-headed ogre but does no damage.
The two-headed ogre is almost dead.
The two-headed ogre hits you with a giant club!!
Ouch! That really hurt!
You die...

# #..?............
#. #..((...........
#.#####.#####(######
#......# #.#
##.##### #(# #..##
#(# #..#<### #.#
#.###(.######.# #.
#...()@O(..#
###.##.......## #.
#######.# # #...
#####


You could see a two-headed ogre.

Vanquished Creatures
  A water moccasin (D:7)
  A sky beast (D:5)
  An ice beast (D:5)
  2 centaurs
  2 ogres
  2 big kobolds (Sewer)
  A wyvern skeleton (D:7)
  A scorpion (D:4)
  3 wights
  2 howler monkeys (D:4)
  A centaur zombie (D:7)
  2 crimson imps
  2 hounds
  A gnoll shaman (D:4)
  An orc priest (D:4)
  A centaur skeleton (D:2)
  An orc wizard (D:5)
  Natasha (thrice) (D:2)
  An iguana (D:5)
  6 worker ants
  A worker ant zombie (D:6)
  4 gnolls (D:4)
  A howler monkey skeleton (D:4)
  A river rat (Sewer)
  9 adders
  4 oozes
  An adder zombie (D:7)
  6 worms
  A dart slug (D:5)
  6 leopard geckos
  11 orcs
  9 ball pythons
  13 giant cockroaches
  3 goblins
  6 hobgoblins
  14 jackals
  14 kobolds
  5 quokkas
  9 bats
  7 rats
160 creatures vanquished.

Notes
Turn   | Place    | Note
-------+----------+-------------------------------------------
     0 | D:1      | MatthieuS the Tengu Wanderer began the quest for the Orb.
     0 | D:1      | MatthieuS set off with: a +2 scale mail, a scroll of teleportation, a +0 spear, a +0 dagger, a ration
     0 | D:1      | Reached XP level 1. HP: 15/15 MP: 2/2
   325 | D:1      | Reached XP level 2. HP: 20/20 MP: 2/4
   452 | D:1      | Reached skill level 1 in Spellcasting
   710 | D:2      | Reached skill level 1 in Dodging
   733 | D:2      | Reached XP level 3. HP: 24/24 MP: 5/5
   759 | D:2      | Noticed Natasha
   783 | D:2      | Killed Natasha
  1135 | D:2      | Noticed Natasha
  1137 | D:2      | Killed Natasha
  1137 | D:2      | Reached XP level 4. HP: 30/30 MP: 6/8
  1344 | D:2      | Noticed Natasha
  1350 | D:2      | Killed Natasha
  1350 | D:2      | Gained mutation: You can fly. [Tengu growth]
  1350 | D:2      | Reached XP level 5. HP: 24/34 MP: 9/9
  2048 | D:3      | Found a glowing drain.
  2089 | Sewer    | Entered a sewer
  2228 | Sewer    | Noticed a big kobold
  2240 | Sewer    | Killed a big kobold
  2240 | Sewer    | Reached XP level 6. HP: 39/40 MP: 11/11
  2488 | Sewer    | Reached skill level 1 in Slings
  3021 | D:4      | Reached skill level 5 in Fighting
  3156 | D:4      | Reached XP level 7. HP: 36/44 MP: 13/13
  3743 | D:5      | Entered Level 5 of the Dungeon
  3819 | D:5      | Reached XP level 8. HP: 32/50 MP: 14/16
  4193 | D:5      | Reached skill level 5 in Spellcasting
  4614 | D:6      | Found a staircase to the Ecumenical Temple.
  4622 | Temple   | Entered the Ecumenical Temple
  4723 | Temple   | Became a worshipper of Vehumet
  5002 | D:6      | Reached skill level 5 in Stealth
  5232 | D:6      | Found a sparkling altar of Nemelex Xobeh.
  5597 | D:7      | Found Bairos's Food Shoppe.
  5681 | D:7      | Reached XP level 9. HP: 55/55 MP: 19/19
  5952 | D:7      | Reached skill level 5 in Dodging
  6290 | D:8      | Noticed a two-headed ogre
  6367 | D:8      | Slain by a two-headed ogre

Vault maps used:
D:1:      onia_arrival_mini_spirals, nrook_loot_triangle
D:2:      first_ration, minmay_pentomino_w4, uniq_natasha
D:3:      minmay_roachtagon, portal_sewer_entry_b, serial_forest,
          infiniplex_forest_straight_3, infiniplex_forest_clump_C,
          infiniplex_forest_pool, infiniplex_forest_end_3,
          infiniplex_forest_end_1, infiniplex_forest_fountain,
          infiniplex_forest_clump_diagonal
D:6:      kennysheep_mini, minmay_temple_entry_mist,
          minmay_misc_feat_four_crosses
D:7:      serial_shops, shop
D:8:      serial_shops, shop
Temple:   kilobyte_greek_temple
Sewer:    sewer_co_15_rooms

Skill      XL: |  1  2  3  4  5  6  7  8  9 |
---------------+----------------------------+-----
Spellcasting   | 1 2 3 4 6 |  6.4
Dodging        | 1 2 3 4 5 |  5.0
Stealth        | 3 4 5 |  5.6
Slings         | 1 2 3 |  3.0
Fighting       | 5 6 |  6.3
Polearms       | |  1.1
Bows           | |  1.1
Armour         | |  1.1
Evocations     | |  1.0

Action                   |  1- 3 |  4- 6 |  7- 9 || total
-------------------------+-------+-------+-------++-------
Melee: Spear             |    77 |    20 |       ||    97
       Kick              |    14 |     2 |       ||    16
       Peck              |     4 |     3 |       ||     7
 Fire: Hunting sling     |     5 |   187 |   308 ||   500
       Blowgun           |       |     1 |       ||     1
Throw: Throwing net      |       |       |     1 ||     1
 Abil: Fly               |       |       |     2 ||     2
Evoke: Wand              |       |       |    12 ||    12
  Use: Scroll            |     5 |     2 |     5 ||    12
       Potion            |     3 |       |     4 ||     7
  Eat: Chunk             |     1 |     6 |     7 ||    14
       Ration            |       |       |     2 ||     2
Armor: Scale mail        |    38 |    64 |    90 ||   192
       Skin              |     4 |       |       ||     4
Dodge: Dodged            |    24 |    74 |    92 ||   190

Table legend:
 A = Spawn XP
 B = Non-spawn XP
 C = Spawn XP percentage of total XP
 D = Spawn monster count
 E = Non-spawn monster count
 F = Spawn count percentage of total count
 G = Total turns spent on level
                    A         B        C        D         E        F      G
               +---------+---------+-------+---------+---------+-------+---------
         Total |       0 |    2678 |   0.0 |       0 |     160 |   0.0 |  6367
               +---------+---------+-------+---------+---------+-------+---------
           D:1 |       0 |      21 |   0.0 |       0 |      12 |   0.0 |   681
           D:2 |       0 |     174 |   0.0 |       0 |      20 |   0.0 |  1106
           D:3 |       0 |      66 |   0.0 |       0 |      28 |   0.0 |   645
           D:4 |       0 |     511 |   0.0 |       0 |      23 |   0.0 |   794
           D:5 |       0 |     643 |   0.0 |       0 |      26 |   0.0 |   821
           D:6 |       0 |     334 |   0.0 |       0 |       7 |   0.0 |  1100
           D:7 |       0 |     572 |   0.0 |       0 |      20 |   0.0 |   484
           D:8 |       0 |      93 |   0.0 |       0 |       3 |   0.0 |    77
         Sewer |       0 |     264 |   0.0 |       0 |      21 |   0.0 |   517
               +---------+---------+-------+---------+---------+-------+---------
